 Dungeon Crawl Stone Soup version 0.24.0-123-gd5b16e6ec5 (webtiles) character file.

Game seed: 16212725281866127812, levelgen mode: deterministic

677734 magipi the Bringer of Light (level 27, -12/246 HPs)
             Began as a Hill Orc Fighter on Jan 26, 2020.
             Was the Champion of the Shining One.
             Mangled by a seraph
             ... wielding a +7 great sword of flaming
              (52 damage)
             ... in Pandemonium on Jan 28, 2020.
             The game lasted 05:20:18 (73287 turns).

magipi the Bringer of Light (Hill Orc Fighter)     Turns: 73287, Time: 05:20:19

Health: -12/246    AC: 43    Str: 26    XL:     27
Magic:  9/37       EV: 14    Int: 13    God:    the Shining One [******]
Gold:   5527       SH: 29    Dex: 19    Spells: 40/46 levels left

rFire    + + .     SeeInvis .   a - +9 broad axe (holy)
rCold    + + +     Gourm    .   P - +2 large shield {rC+ rF+}
rNeg     + + +     Faith    .   p - +11 gold dragon scales
rPois    +         Spirit   .   w - +0 helmet of Salvation {rElec rC+ rN+}
rElec    +         Reflect  +   v - +2 cloak of the Jabberwock {MR+ Dex+4}
rCorr    +         Harm     .   S - +0 pair of gloves "Vieddima" {Regen+ Str+2}
MR       ++++.                  n - +1 pair of boots {Fly}
Stlth    ..........             r - amulet of Untruth {Reflect Int+2 SH+4 Stlth+}
HPRegen  0.91/turn              m - ring of protection from magic
MPRegen  0.25/turn              o - ring of resist corrosion

@: flying, glowing
A: no striking features
}: 4/15 runes: decaying, slimy, silver, gossamer
a: Divine Shield, Cleansing Flame, Summon Divine Warrior, Renounce Religion,
Stop Flying


You were in Pandemonium.
You worshipped the Shining One.
The Shining One was exalted by your worship.
You were very hungry.

You visited 12 branches of the dungeon, and saw 54 of its levels.
You visited Pandemonium 1 time, and saw 6 of its levels.
You visited the Abyss 1 time.
You also visited: Trove, Ossuary, Bailey, Gauntlet and Ice Cave.

You collected 9654 gold pieces.
You spent 4127 gold pieces at shops.

Inventory:

Hand Weapons
 a - a +9 broad axe of holy wrath (weapon)
   (You took it off a hell knight on level 3 of the Vaults)
 b - a +9 broad axe of freezing
   (You took it off an orc knight in a bailey)
Missiles
 C - 3 throwing nets
 M - 56 javelins (quivered)
 W - 37 silver javelins
Armour
 c - a +1 large shield of protection
   (You found it in a treasure trove)
 n - a +1 pair of boots of flying (worn)
   (You acquired it on level 2 of the Crypt)
 p - +11 gold dragon scales (worn)
   (You acquired it on level 1 of the Elven Halls)
 v - the +2 cloak of the Jabberwock (worn) {MR+ Dex+4}
   (Okawaru gifted it to you on level 2 of the Depths)

   It affects your dexterity (+4).
   It affects your resistance to hostile enchantments.
 w - the +0 helmet of Salvation (worn) {rElec rC+ rN+}
   (Okawaru gifted it to you on level 2 of the Swamp)

   It protects you from cold.
   It insulates you from electricity.
   It protects you from negative energy.
 P - a +2 large shield of resistance (worn)
   (You took it off a daeva in Pandemonium)
 S - the +0 pair of gloves "Vieddima" (worn) {Regen+ Str+2}
   (You found it on level 11 of the Dungeon)

   It affects your strength (+2).
   It increases your rate of regeneration.
Jewellery
 f - an uncursed ring of protection from fire
   (You found it on level 1 of the Swamp)
 m - a ring of protection from magic (left hand)
   (You found it on level 4 of the Lair of Beasts)
 o - a ring of resist corrosion (right hand)
   (You took it off a kobold on level 14 of the Dungeon)
 r - the amulet of Untruth (around neck) {Reflect Int+2 SH+4 Stlth+}
   (You took it off an ironbrand convoker on level 5 of the Vaults)

   [amulet of reflection]

   It shields you and reflects attacks.
   It affects your intelligence (+2).
   It affects your SH (+4).
   It makes you more stealthy.
Wands
 d - a wand of digging (28)
   (You found it on level 6 of the Dungeon)
 e - a wand of polymorph (11)
   (You found it on level 2 of the Crypt)
 q - a wand of enslavement (36)
   (You found it on level 8 of the Dungeon)
 z - a wand of acid (12)
   (You found it on level 6 of the Dungeon)
 H - a wand of iceblast (62)
   (You bought it in a shop on level 8 of the Dungeon)
 J - a wand of paralysis (44)
   (You found it on level 1 of the Elven Halls)
 K - a wand of scattershot (8)
   (You found it on level 3 of the Spider Nest)
Scrolls
 g - 27 scrolls of remove curse
 h - 5 scrolls of teleportation
 j - 11 scrolls of identify
 u - 5 scrolls of immolation
 y - 3 scrolls of summoning
 F - a scroll of enchant weapon
 I - 6 scrolls of fear
 N - 22 scrolls of magic mapping
 R - 3 scrolls of fog
 X - 4 scrolls of blinking
Potions
 i - 5 potions of might
 k - 6 potions of berserk rage
 l - 10 potions of haste
 s - 22 potions of heal wounds
 t - 5 potions of ambrosia
 A - 26 potions of curing
 B - 8 potions of mutation
 D - 8 potions of cancellation
 G - 3 potions of resistance
 O - a potion of agility
Miscellaneous
 E - 8 boxes of beasts
 L - a lamp of fire
   (You found it on level 10 of the Dungeon)
 T - 3 sacks of spiders
 U - a phial of floods
   (You found it on level 1 of the Lair of Beasts)
 Y - 4 phantom mirrors
Comestibles
 x - 51 rations


   Skills:
 - Level 20.0 Fighting
 - Level 18.0 Axes
 - Level 16.0 Throwing
 - Level 18.0 Armour
 - Level 16.0 Dodging
 + Level 18.9 Shields
 - Level 10.0 Spellcasting
 * Level 11.1 Hexes
 - Level 13.0 Translocations
 + Level 20.4 Invocations
 - Level 18.4 Evocations


You had 40 spell levels left.
You knew the following spells:

 Your Spells              Type           Power        Failure   Level  Hunger
a - Apportation           Tloc           #####.       1%          1    None
b - Blink                 Tloc           N/A          3%          2    None
c - Portal Projectile     Hex/Tloc       #####.       9%          3    #......

Your spell library contained the following spells:

 Spells                   Type           Power        Failure   Level  Hunger
 Confusing Touch          Hex            #####.       4%          1    None
 Corona                   Hex            #####..      4%          1    None
 Gell's Gravitas          Tloc           #####.....   6%          3    #......
 Slow                     Hex            #####...     7%          2    None
 Confuse                  Hex            #####...     13%         3    #......
 Tukima's Dance           Hex            #####...     13%         3    #......
 Cause Fear               Hex            #####.....   41%         4    ###....
 Ensorcelled Hibernation  Hex/Ice        ###...       54%         2    None
 Recall                   Summ/Tloc      N/A          65%         3    #......
 Dazzling Spray           Conj/Hex       ###...       78%         3    #......
 Inner Flame              Hex/Fire       ###.....     78%         3    #......
 Spectral Weapon          Hex/Chrm       ###.....     78%         3    #......
 Summon Guardian Golem    Hex/Summ       ###.....     78%         3    #......
 Force Lance              Conj/Tloc      ###.....     96%         4    ###....
 Dispersal                Tloc           #####.....   97%         6    ######.
 Animate Skeleton         Necr           N/A          99%         1    None
 Flame Tongue             Conj/Fire      #....        99%         1    None
 Magic Dart               Conj           #...         99%         1    None
 Pain                     Necr           #...         99%         1    None
 Sandblast                Erth           #.....       99%         1    None
 Shock                    Conj/Air       #...         99%         1    None
 Sting                    Conj/Pois      #...         99%         1    None
 Summon Butterflies       Summ           #.......     99%         1    None
 Summon Small Mammal      Summ           #...         99%         1    None
 Call Imp                 Summ           #.......     99%         2    None
 Corpse Rot               Necr           N/A          99%         2    None
 Poisonous Vapours        Pois/Air       #.....       99%         2    None
 Searing Ray              Conj           #.....       99%         2    None
 Sticks to Snakes         Tmut           #.......     99%         2    None
 Swiftness                Chrm/Air       #.......     99%         2    None
 Fulminant Prism          Conj/Hex       ###.......   99%         4    ###....
 Leda's Liquefaction      Hex/Erth       ###.......   99%         4    ###....
 Call Canine Familiar     Summ           #.......     100%        3    #......
 Conjure Flame            Conj/Fire      #.......     100%        3    #......
 Mephitic Cloud           Conj/Pois/Air  #.......     100%        3    #......
 Regeneration             Chrm/Necr      #.........   100%        3    #......
 Static Discharge         Conj/Air       #.......     100%        3    #......
 Stone Arrow              Conj/Erth      #.....       100%        3    #......
 Vampiric Draining        Necr           #.........   100%        3    #......
 Airstrike                Air            #.........   100%        4    ###....
 Animate Dead             Necr           N/A          100%        4    ###....
 Ice Form                 Ice/Tmut       #.......     100%        4    ###....
 Iskenderun's Mystic Bla  Conj           #.......     100%        4    ###....
 Olgreb's Toxic Radiance  Pois           #.......     100%        4    ###....
 Summon Ice Beast         Ice/Summ       #.......     100%        4    ###....
 Summon Lightning Spire   Summ/Air       #.......     100%        4    ###....
 Aura of Abjuration       Summ           #.........   100%        5    #####..
 Bolt of Draining         Conj/Necr      #.........   100%        5    #####..
 Borgnjor's Vile Clutch   Necr/Erth      #.........   100%        5    #####..
 Excruciating Wounds      Chrm/Necr      #.........   100%        5    #####..
 Irradiate                Conj/Tmut      #.........   100%        5    #####..
 Silence                  Hex/Air        ###.......   100%        5    #####..
 Summon Demon             Summ           #.........   100%        5    #####..
 Summon Forest            Summ/Tloc      ###.......   100%        5    #####..
 Summon Mana Viper        Hex/Summ       ###.....     100%        5    #####..
 Venom Bolt               Conj/Pois      #.........   100%        5    #####..
 Yara's Violent Unravell  Hex/Tmut       ###.......   100%        5    #####..
 Bolt of Fire             Conj/Fire      #.........   100%        6    ######.
 Darkness                 Hex            #####.....   100%        6    ######.
 Death Channel            Necr           #.........   100%        6    ######.
 Deflect Missiles         Chrm/Air       #.........   100%        6    ######.
 Freezing Cloud           Conj/Ice/Air   #.........   100%        6    ######.
 Hydra Form               Tmut           #.........   100%        6    ######.
 Poison Arrow             Conj/Pois      #.........   100%        6    ######.
 Shadow Creatures         Summ           N/A          100%        6    ######.
 Statue Form              Tmut/Erth      #........    100%        6    ######.
 Dragon Form              Tmut           #.........   100%        7    #######
 Ring of Flames           Chrm/Fire      #.........   100%        7    #######
 Summon Hydra             Summ           #.........   100%        7    #######
 Chain Lightning          Conj/Air       #.........   100%        8    #######
 Controlled Blink         Tloc           N/A          100%        8    #######
 Disjunction              Tloc           #####.....   100%        8    #######
 Lehudib's Crystal Spear  Conj/Erth      #.........   100%        8    #######
 Dragon's Call            Summ           #.........   100%        9    #######
 Fire Storm               Conj/Fire      #.........   100%        9    #######
 Glaciate                 Conj/Ice       #.........   100%        9    #######
 Tornado                  Air            #.........   100%        9    #######


Dungeon Overview and Level Annotations

Branches:
Dungeon (15/15)            Temple (1/1) D:7            Lair (6/6) D:10
  Swamp (4/4) Lair:4       Spider (4/4) Lair:2        Slime (5/5) Lair:6
    Orc (2/2) D:12            Elf (3/3) Orc:2        Vaults (5/5) D:14
  Crypt (3/3) Vaults:3       Tomb (0/3) Crypt:3      Depths (5/5) D:15
   Hell (visited)             Dis (0/7) Hell            Geh (0/7) Hell
    Coc (0/7) Hell            Tar (0/7) Hell            Zot (0/5) Depths:5
Ossuary (visited)          Bailey (visited)           IceCv (visited)
Gauntlet (visited)

Altars:
Ashenzari
Cheibriados
Dithmenos
Elyvilon
Fedhas
Gozag
Hepliaklqana
Kikubaaqudgha
Makhleb
Nemelex Xobeh
Okawaru
Qazlal
Ru
Sif Muna
Trog
Uskayaw
Vehumet
Wu Jian
Xom
Yredelemnul
Zin
The Shining One
Beogh
Jiyva
Lugonu

Shops:
D:8 }   D:12 !   D:14 }   Orc:2 ?%:=   Elf:3 (   Vaults:4 [   Depths:2 *=?%(

Portals:
Hell: Depths:1 Depths:2 Depths:3 Depths:4 Depths:5
Abyss: Depths:1 Depths:2 Depths:3 Depths:4
Pandemonium: Depths:3
Ziggurat: Depths:1
Bazaar: Elf:2

Annotations:
D:3 2 runed translucent doors, Britaniac's ghost, amateur NaWr; Sigmund
D:4 1 runed translucent door, exclusion: upstairs, Crazy Yiuf
D:9 1 runed translucent door
D:10 1 runed translucent door
Swamp:2 Roxanne
Elf:2 bazaar (blocked), 5 runed translucent doors
Depths:1 exclusions: 2 daevas and 2 more exclusions


Message History

Your angel completely resists.
Your angel is moderately wounded.
You feel somewhat more hungry.
Your angel hits the daeva with a +1 whip of holy wrath.
Your angel hits the daeva but does no damage.
Your angel completely misses the daeva. x2
The seraph hits you with a +7 great sword of flaming!!
The seraph burns you. You block the seraph's attack.
The daeva calls down the wrath of the Shining One upon you.
The Shining One smites you!
The cherub shoots a stone.
You reflect the stone off an invisible shield around you!
The stone misses the cherub.
The stone disappears in a puff of smoke!
Your angel completely misses the daeva.
The daeva blocks your angel's attack.
The golden flame engulfs you but does no damage.
You resist. The golden flame engulfs your angel.
Your angel completely resists.
Your angel is lightly wounded.
The golden flame engulfs the daeva.
The daeva completely resists.
The daeva is severely wounded.
The golden flame engulfs the seraph.
The seraph completely resists.
The seraph is heavily wounded.
The golden flame engulfs the cherub.
The cherub completely resists.
The cherub is lightly wounded.
The golden flame engulfs your angel.
Your angel completely resists.
Your angel is moderately wounded.
You feel somewhat more hungry.
Your angel hits the daeva with a +2 whip of holy wrath!
The daeva blocks your angel's attack. The daeva barely misses your angel.
The daeva hits your angel with a +5 scimitar of holy wrath!!
You block the seraph's attack. The seraph hits you but does no damage.
Your angel hits the daeva with a +1 whip of holy wrath!
The daeva blocks your angel's attack.
The cherub sings a powerful hymn!
The angels go into a battle-frenzy!
The daeva calls down the wrath of the Shining One upon you.
The Shining One smites you!
Your angel hits the daeva with a +2 whip of holy wrath!
The daeva blocks your angel's attack.
The cherub shoots a stone.
You reflect the stone off an invisible shield around you!
The stone completely misses the cherub.
The stone disappears in a puff of smoke!
Unknown command.
The golden flame engulfs you but does no damage.
The golden flame engulfs your angel.
Your angel completely resists.
Your angel is lightly wounded.
The golden flame engulfs the daeva.
The daeva completely resists.
The daeva is almost dead.
The golden flame engulfs the seraph but does no damage.
The seraph is severely wounded.
The golden flame engulfs the cherub.
The cherub completely resists.
The cherub is lightly wounded.
The golden flame engulfs your angel.
Your angel completely resists.
Your angel is moderately wounded.
The golden flame engulfs the angel.
The angel completely resists.
You are feeling very hungry.
The daeva blocks your angel's attack. x2
The seraph shouts a warning to its allies!
You block the daeva's attack. x2; The daeva blocks your angel's attack.
Your angel hits the daeva with a +2 whip of holy wrath!
The daeva hits your angel with a +5 eudemon blade of holy wrath!
The daeva closely misses your angel.
The angel hits you with a +3 whip of holy wrath.
You block the angel's attack. The daeva blocks your angel's attack.
Your angel hits the daeva with a +1 whip of holy wrath.
Unknown command.
Unknown command.
Evoke which item? (* to show all) (? for menu, Esc to quit)
Aiming: Corrosive Bolt
Press: ? - help, Shift-Dir - straight line, f/p - seraph
Aim: a seraph, wielding a +7 great sword of flaming and wearing +0 pearl dragon scales (severely wounded, unusually strong, catching its breath, haloed)
The bolt of acid hits the seraph!!
The seraph is splashed with acid.
The seraph is severely wounded.
You block the seraph's attack.
The seraph hits you with a +7 great sword of flaming!!
* * * LOW HITPOINT WARNING * * *
The seraph burns you.
* * * LOW HITPOINT WARNING * * *
The daeva blocks your angel's attack.
Your angel hits the daeva with a +2 whip of holy wrath.
The cherub unwields a +2 fustibalus of flaming.
It stops flaming.
The cherub wields a +1 scimitar of flaming.
It bursts into flame!
The cherub hits your angel with a +1 scimitar of flaming!
The cherub burns your angel. The cherub closely misses your angel.
You block the angel's attack.
The angel hits you with a +3 whip of holy wrath.
* * * LOW HITPOINT WARNING * * *
The daeva calls down the wrath of the Shining One upon your angel.
Your angel is smitten.
The daeva blocks your angel's attack. x2
The daeva calls down the wrath of the Shining One upon you.
The Shining One smites you!
* * * LOW HITPOINT WARNING * * *
The seraph hits you with a +7 great sword of flaming!!!
You die...

##..§§§...............A..##..##..
##....§...8.....8.....)..##..##..
##..§§§§..............)..##..##..
##..#######'#'#'#######..##..##..
##≈≈# #8.......8# #≈≈##..##..
##########...(A..##########..##..
.........###'AA###...........##..
..............AAA............##..
...............A@.).........)###.
##########.....A.############..#.
##########....)..############|.#.
.........8.......8..........####.
.............)...........#.......
.........8..(....8......###......
...........(............###......
...##...)8(......8.....###.....##
..####....)..............)...###


You could see a seraph, 2 daevas, an angel, 2 cherubim and 2 friendly angels.

Vanquished Creatures
  the Royal Jelly (Slime:5)
  A pandemonium lord (Pan)
  Mennas (Pan)
  Mara (Vaults:5)
  An ancient lich (Crypt:2)
  A juggernaut (Depths:3)
  A greater mummy (Depths:4)
  Boris (twice) (Vaults:2 Depths:2)
  Margery (Vaults:3)
  Bai Suzhen (Crypt:2)
  Xtahua (Vaults:3)
  Geryon (Hell)
  2 profane servitors
  A pearl dragon (Pan)
  Arachne (Spider:3)
  3 bone dragons
  6 liches
  Rupert (D:14)
  2 tentacled monstrosities
  3 Ice Fiends (Pan)
  Jorgrun (Swamp:1)
  6 deep elf blademasters
  Murray (Hell)
  18 acid blobs
  5 sphinxes
  A quicksilver dragon (Vaults:5)
  11 titans
  3 deep elf master archers
  An Executioner (Pan)
  12 ancient champions
  10 tengu reavers
  7 shadow dragons
  6 storm dragons
  16 daevas (Pan)
  7 azure jellies (Slime:5)
  3 revenants
  18 frost giants
  21 fire giants
  6 nagarajas (Depths:4)
  A thorn hunter (Swamp:4)
  5 deep elf sorcerers
  Donald (Orc:2)
  17 vault wardens
  2 iron dragons (Vaults:5)
  A warmonger (Pan)
  3 ghost moths
  3 balrugs
  A draconian scorcher (Depths:4)
  2 caustic shrike zombies (Depths:4)
  2 cacodemons
  Louise (Spider:3)
  23 angels (Pan)
  4 emperor scorpions
  A juggernaut zombie (Depths:4)
  19 ghouls
  2 curse skulls (Crypt:2)
  An orc warlord (Vaults:4)
  8 deep elf elementalists
  21 very ugly things
  18 ironheart preservers
  2 spriggan defenders (Depths:5)
  8 reapers
  A blood saint (Pan)
  31 stone giants
  12 ophanim (Pan)
  4 vampire knights
  8 entropy weavers
  8 deep elf demonologists
  3 black draconians
  A green draconian (Crypt:1)
  20 apis (Pan)
  3 lorocyprocas
  A minotaur (Gauntlet)
  A black sun (Pan)
  7 red draconians
  2 corrupters (Pan)
  4 white draconians
  5 yellow draconians (Crypt:1)
  2 spark wasps (Spider:4)
  11 deep elf annihilators
  3 eidola
  9 deep elf death magi
  A blizzard demon (Pan)
  3 mummy priests (Crypt:3)
  A crystal guardian (Vaults:3)
  18 ettins
  Josephine (Lair:6)
  2 green deaths (Pan)
  7 death oozes (Slime:5)
  6 fire dragons
  4 deep elf high priests
  18 yaktaur captains
  8 jiangshi
  A kraken zombie (Hell)
  Erolcha (D:12)
  13 great orbs of eyes
  16 ice dragons
  A hell beast (Pan)
  Harold (D:11)
  13 hydras
  5 rakshasas
  2 naga warriors (Depths:4)
  34 vault guards
  2 catoblepae (Lair:4)
  4 spriggan air magi
  Erica (D:8)
  3 ghost crabs
  A shambling mangrove (Swamp:1)
  8 centaur warriors
  19 alligators
  3 anacondas (Depths:4)
  45 two-headed ogres
  A queen ant (Spider:2)
  18 ogre magi
  Urug (D:14)
  2 death knights
  8 vampire magi
  4 death yaks
  13 dancing weapons
  13 tengu warriors
  11 deep troll earth magi
  16 deep troll shamans
  A hell hog (Hell)
  Nergalle (Lair:2)
  2 spriggan berserkers
  A titan zombie (Depths:4)
  8 soul eaters (Pan)
  3 orc high priests
  15 sun demons
  24 deep elf knights
  Sonja (D:11)
  A storm dragon skeleton (Hell)
  44 skeletal warriors
  6 iron trolls
  3 golden dragon zombies
  8 cherubim (Pan)
  2 gelid demonspawn (Pan)
  19 hell knights
  An unseen horror (shapeshifter) (Vaults:3)
  2 glowing orange brains
  2 shadow wraiths
  2 sixfirhies
  6 unseen horrors
  A spriggan druid (Swamp:3)
  4 flayed ghosts
  17 orc knights
  2 spark wasp zombies (Depths:3)
  10 wizards
  9 shadow demons (Pan)
  6 spectral hydras (Swamp:4)
  12 deep elf archers
  2 infernal demonspawn (Pan)
  3 swamp dragons
  2 lindwurms (Depths:4)
  An entropy weaver zombie (Crypt:2)
  Pikel (Temple)
  54 deep trolls
  An anaconda zombie (Hell)
  6 phantasmal warriors
  3 sphinx zombies
  An orb spider (shapeshifter) (D:13)
  19 ironbrand convokers
  56 deep elf magi
  A lindwurm (shapeshifter) (D:12)
  25 necromancers
  An anaconda skeleton (Hell)
  19 orb spiders
  6 orc sorcerers
  3 manticores
  An iron dragon zombie (Hell)
  31 ugly things
  5 cyclopes
  A stone giant zombie (Depths:2)
  3 shining eyes (Slime:5)
  2 wolf spider zombies
  3 oklob plants
  A frost giant zombie (Crypt:1)
  44 wolf spiders
  A tengu skeleton (Depths:2)
  2 moths of wrath
  15 elephants
  A shock serpent zombie (Crypt:1)
  A guardian serpent (shapeshifter) (Vaults:2)
  2 iron dragon skeletons
  A fire giant skeleton (Crypt:2)
  19 vault sentinels
  Joseph (D:7)
  3 centaur zombies
  2 eyes of devastation (shapeshifter)
  3 guardian serpents
  2 stone giant skeletons
  Maurice (D:11)
  17 smoke demons
  An orange demon (Pan)
  A naga mage (Depths:4)
  A molten gargoyle (Hell)
  14 black mambas
  5 gargoyles
  2 spiny frogs (shapeshifter)
  3 torpor snails
  20 spiny frogs
  A purple draconian zombie (Hell)
  An elf skeleton (D:15)
  3 ice statues
  A komodo dragon (shapeshifter) (Elf:1)
  A pale draconian zombie (Crypt:2)
  6 rime drakes
  2 storm dragon simulacra
  2 yaktaur zombies
  2 kobold demonologists (Crypt:3)
  3 swamp worm zombies (Swamp:4)
  A rime drake (shapeshifter) (Depths:3)
  51 yaktaurs
  10 komodo dragons
  2 hellions
  3 hellwings (Pan)
  An anaconda simulacrum (Hell)
  2 efreet
  3 tormentors (Pan)
  8 freezing wraiths
  2 ice devils
  6 guardian mummies
  A black draconian skeleton (Crypt:3)
  45 jumping spiders
  6 red devils
  6 hydra zombies
  16 demonic crawlers
  2 tengu conjurers
  3 spriggan skeletons
  A merfolk (shapeshifter) (Vaults:5)
  6 tyrant leeches
  A meliai (shapeshifter) (Vaults:1)
  9 trolls
  2 polar bears
  A polar bear (shapeshifter) (Vaults:1)
  2 alligator zombies (Swamp:4)
  A sphinx simulacrum (Depths:3)
  31 hornets
  A spectral swamp dragon (Swamp:4)
  A spriggan zombie (Depths:2)
  9 hippogriffs
  A wind drake (shapeshifter) (Vaults:1)
  31 dream sheep
  7 blink frogs
  3 frost giant simulacra
  3 hydra skeletons
  69 slime creatures
  A fire dragon zombie (D:15)
  A raiju (shapeshifter) (D:15)
  13 bog bodies
  5 flying skulls (Crypt:1)
  A black mamba zombie (Crypt:1)
  7 large abominations
  2 ettin zombies
  2 air elementals
  8 spriggans
  An ettin skeleton (Depths:2)
  An alligator skeleton (Hell)
  70 redbacks
  A satyr skeleton (Crypt:2)
  7 fire elementals
  21 tarantellas
  A tarantella (shapeshifter) (Vaults:4)
  An ushabti (Crypt:3)
  3 ynoxinuls (Pan)
  9 wyverns
  6 shadows
  8 basilisks
  8 wraiths
  2 water elementals
  42 yaks
  A hungry ghost (D:8)
  10 golden eyes
  A neqoxec (Pan)
  16 humans (D:14)
  A yaktaur simulacrum (Vaults:1)
  A steam dragon (D:11)
  4 vampire mosquitoes
  27 soldier ants
  2 human zombies
  A monstrous demonspawn zombie (Crypt:3)
  17 nagas (Depths:4)
  6 insubstantial wisps (Swamp:4)
  13 swamp worms
  4 wargs
  9 porcupines
  2 spiny frog zombies (Hell)
  20 water moccasins
  4 acid dragons
  8 hell hounds (Hell)
  42 orc warriors
  10 necrophages
  A spiny frog skeleton (Hell)
  19 ice beasts
  A sky beast (shapeshifter) (Vaults:4)
  A hornet zombie (Crypt:2)
  An eye of draining (shapeshifter) (D:15)
  5 eyes of draining
  6 sky beasts
  9 swamp drakes
  A black mamba simulacrum (Crypt:3)
  2 swamp dragon zombies (Swamp:4)
  6 phantoms
  33 ogres
  An ogre (shapeshifter) (Vaults:1)
  5 boggarts
  A manticore skeleton (Crypt:2)
  2 snapping turtle skeletons (Crypt:3)
  13 centaurs
  14 crocodiles
  5 wolves (Lair:6)
  2 small abominations (Abyss:2)
  29 bullfrogs
  3 big kobolds
  6 elf zombies
  Blork the orc (D:5)
  5 water moccasin zombies (Ossuary)
  A merfolk simulacrum (Crypt:2)
  A hippogriff skeleton (Crypt:1)
  6 earth elementals
  2 deep troll simulacra
  3 wyvern skeletons
  5 scorpions
  2 tengu zombies
  3 killer bees (D:10)
  9 wights
  5 howler monkeys
  An electric eel (Elf:3)
  A raiju skeleton (Crypt:2)
  A wolf zombie (Crypt:1)
  5 crimson imps
  8 starcursed masses (Abyss:2)
  2 lava snakes (D:9)
  2 quasits
  A black bear zombie (Crypt:1)
  3 bullfrog zombies
  7 jellies
  39 orc wizards
  A gnoll shaman (D:7)
  27 orc priests
  8 hounds
  3 centaur skeletons
  An iron imp (Depths:2)
  7 iguanas
  Terence (D:2)
  8 hell rats
  24 worker ants
  A killer bee zombie (D:7)
  A dwarf zombie (Crypt:3)
  6 big kobold zombies (Ossuary)
  A sky beast zombie (Crypt:3)
  3 hound zombies
  A hound skeleton (D:8)
  A howler monkey zombie (D:7)
  8 mummies
  Robin (D:2)
  A swamp drake zombie (Swamp:4)
  10 gnolls
  10 river rats (Lair:6)
  17 adders
  A steam dragon zombie (Crypt:1)
  2 shadow imps
  15 white imps
  6 oozes
  7 adder zombies
  An adder skeleton (D:8)
  An iguana skeleton (Crypt:1)
  2 worms
  A barachi zombie (Crypt:3)
  2 dart slugs
  4 leopard geckos
  69 orcs
  3 ball pythons
  5 bats
  A bat zombie (Crypt:3)
  8 giant cockroaches
  3 gnoll zombies
  22 goblins
  8 hobgoblins
  16 jackals
  34 kobolds
  3 quokkas
  2 frilled lizards
  A frilled lizard zombie (Crypt:1)
  8 hobgoblin zombies (Ossuary)
  8 kobold zombies (Ossuary)
  A leopard gecko skeleton (D:6)
  A leopard gecko zombie (Crypt:2)
  6 orc zombies (Ossuary)
  2 quokka skeletons (D:4)
  9 rats
  2 briar patches (Swamp:2)
  5 crawling corpses
  A fungus (Lair:1)
  6 plants
  A tentacle (Hell)
2898 creatures vanquished.

Vanquished Creatures (collateral kills)
  Sojobo (Vaults:3)
  A Brimstone Fiend (Pan)
  A pandemonium lord (Pan)
  A reaper (Hell)
  A lorocyproca (Pan)
  2 blizzard demons (Hell)
  4 soul eaters (Hell)
  A large abomination (Pan)
  2 sun demons (Pan)
  3 skeletal warriors (Hell)
  A hell knight (Hell)
  2 necromancers (Hell)
  An ice statue (Hell)
  A demonic crawler (Pan)
  A red devil (Hell)
  A hydra skeleton (Hell)
  A tyrant leech (Swamp:1)
  A fire dragon zombie (Hell)
  A redback (Spider:4)
  A water elemental (Hell)
  3 fire elementals (Hell)
  4 hell hounds (Hell)
  A spiny frog zombie (Hell)
  An ettin simulacrum (Hell)
  A crimson imp (Hell)
  3 hell rats (Hell)
41 creatures vanquished.

Vanquished Creatures (others)
  3 deep elf master archers
  A stone giant (Crypt:1)
  A fire dragon (Depths:1)
  A yaktaur captain (Vaults:5)
  A centaur warrior (Depths:4)
  An unseen horror (D:11)
  2 deep elf archers
  A wolf spider (Spider:4)
  A black mamba (shapeshifter) (Vaults:1)
  A vault sentinel (Vaults:2)
  A spiny frog (Swamp:4)
  5 yaktaurs
  A tarantella (Spider:4)
  2 insubstantial wisps (Swamp:4)
  A hell hound (Hell)
  2 centaurs (Vaults:1)
  A hell rat (Hell)
  A worker ant (Spider:2)
  A ball python (Depths:4)
  An orc zombie (Ossuary)
  7 fungi
  9 plants
  3 tentacles (Hell)
  7 withered plants (D:15)
55 creatures vanquished.

Grand Total: 2994 creatures vanquished

Notes
Turn   | Place    | Note
-------+----------+-------------------------------------------
     0 | D:1      | magipi the Hill Orc Fighter began the quest for the Orb.
     0 | D:1      | Reached XP level 1. HP: 19/19 MP: 1/1
   120 | D:1      | Reached XP level 2. HP: 27/27 MP: 2/2
   616 | D:1      | Reached XP level 3. HP: 30/33 MP: 3/3
  1096 | D:2      | Reached skill level 1 in Throwing
  1138 | D:2      | Reached XP level 4. HP: 40/40 MP: 4/4
  1197 | D:2      | Reached XP level 5. HP: 30/47 MP: 5/5
  1344 | D:2      | You fall into a shaft and drop 2 floors!
  1417 | D:4      | Reached skill level 5 in Axes
  1528 | D:2      | Noticed Robin
  1542 | D:2      | Killed Robin
  1720 | D:2      | Noticed Terence
  1736 | D:2      | Killed Terence
  1736 | D:2      | Reached XP level 6. HP: 49/53 MP: 6/6
  2184 | D:3      | Noticed Sigmund
  2826 | D:4      | Reached skill level 5 in Fighting
  2886 | D:3      | Found a large runed translucent door.
  2887 | D:3      | Found a large runed translucent door.
  2888 | D:3      | Noticed Britaniac's ghost (amateur NaWr)
  3054 | D:4      | Reached XP level 7. HP: 57/61 MP: 7/7
  3185 | D:4      | Found a runed translucent door.
  3186 | D:4      | Noticed Crazy Yiuf
  3224 | D:4      | Got a steaming marble ring
  3629 | D:5      | Entered Level 5 of the Dungeon
  3630 | D:5      | Identified the ring "Vataf" {Ice Str+7} (You found it on
                  | level 4 of the Dungeon)
  3683 | D:5      | Noticed Blork the orc
  3700 | D:5      | Killed Blork the orc
  3714 | D:5      | Found a sand-covered staircase.
  3782 | Ossuary  | Entered an ossuary
  3806 | Ossuary  | Reached skill level 5 in Shields
  3942 | Ossuary  | Reached XP level 8. HP: 66/70 MP: 8/8
  4525 | D:5      | Found a stormy altar of Qazlal.
  5224 | D:6      | Reached skill level 5 in Armour
  5239 | D:6      | Found a radiant altar of Vehumet.
  5394 | D:6      | Reached XP level 9. HP: 78/78 MP: 9/9
  5747 | D:7      | Noticed Joseph
  5771 | D:7      | Killed Joseph
  5771 | D:7      | Reached skill level 10 in Axes
  5960 | D:7      | Found a staircase to the Ecumenical Temple.
  5969 | Temple   | Entered the Ecumenical Temple
  6000 | Temple   | Became a worshipper of Warmaster Okawaru
  6083 | D:7      | Noticed Pikel
  6103 | Temple   | Killed Pikel
  6103 | Temple   | Reached * piety under Okawaru
  6103 | Temple   | Reached skill level 5 in Throwing
  6254 | D:7      | Reached XP level 10. HP: 88/88 MP: 10/10
  6485 | D:8      | Killed an unseen horror
  6485 | D:8      | Reached ** piety under Okawaru
  6752 | D:8      | Noticed Erica
  6892 | D:8      | Reached skill level 1 in Invocations
  6946 | D:8      | Found a bloodstained altar of Trog.
  6973 | D:8      | Found a snail-covered altar of Cheibriados.
  6973 | D:8      | Found a glowing golden altar of the Shining One.
  7469 | D:8      | Killed Erica
  7469 | D:8      | Reached *** piety under Okawaru
  7469 | D:8      | Reached skill level 1 in Evocations
  7486 | D:8      | Received a gift from Okawaru
  7546 | D:8      | Found Barimut's Gadget Boutique.
  7549 | D:8      | Bought a wand of paralysis (5) for 91 gold pieces
  7549 | D:8      | Bought a wand of iceblast (8) for 156 gold pieces
  8017 | D:9      | Found a shimmering altar of Xom.
  8188 | D:9      | Found a runed translucent door.
  8430 | D:9      | Found a sparkling altar of Nemelex Xobeh.
  8888 | D:10     | Entered Level 10 of the Dungeon
  8893 | D:10     | Reached XP level 11. HP: 73/97 MP: 13/13
  9511 | D:10     | Found a staircase to the Lair.
  9570 | D:10     | Reached **** piety under Okawaru
  9677 | D:10     | Got a faintly humming ring mail
 10450 | D:10     | Noticed a green ugly thing
 10479 | D:10     | Killed a green ugly thing
 10479 | D:10     | Reached skill level 5 in Invocations
 10568 | D:10     | Killed an unseen horror
 10568 | D:10     | Reached ***** piety under Okawaru
 10568 | D:10     | Reached skill level 10 in Fighting
 10569 | D:10     | Found a runed translucent door.
 10589 | D:10     | Received a gift from Okawaru
 10778 | D:10     | Noticed a flayed ghost
 10785 | D:10     | Killed a flayed ghost
 10787 | D:10     | Identified Liodocro's Guide on the Entrancing Frostbite
 11130 | D:11     | Noticed Maurice
 11144 | D:11     | Killed Maurice
 11144 | D:11     | Received a gift from Okawaru
 11336 | D:11     | Reached XP level 12. HP: 98/106 MP: 16/16
 11376 | D:11     | Noticed Sonja
 11384 | D:11     | Killed Sonja
 11384 | D:11     | Reached skill level 5 in Evocations
 11539 | D:11     | Got a pair of twisted gloves
 11545 | D:11     | Identified the cursed +0 pair of gloves "Vieddima" {Regen+
                  | Str+2} (You found it on level 11 of the Dungeon)
 11555 | D:11     | Identified the +3 ring mail of Apathy {Slay+2} (You found
                  | it on level 10 of the Dungeon)
 11675 | D:11     | Noticed Harold
 11698 | D:11     | Killed Harold
 11831 | D:11     | Noticed a two-headed ogre
 11838 | D:11     | Killed a two-headed ogre
 11838 | D:11     | Reached skill level 10 in Shields
 11977 | D:12     | Noticed a two-headed ogre
 11979 | D:12     | Killed a two-headed ogre
 12123 | D:12     | Found Sijakorgh's Distillery.
 12155 | D:12     | Bought a potion of heal wounds for 70 gold pieces
 12155 | D:12     | Bought a potion of agility for 56 gold pieces
 12155 | D:12     | Bought a potion of might for 56 gold pieces
 12155 | D:12     | Bought a potion of curing for 42 gold pieces
 12165 | D:12     | Noticed a seven-headed hydra
 12172 | D:12     | Killed a four-headed hydra
 12215 | D:12     | Reached skill level 10 in Armour
 12239 | D:12     | Found a flagged portal.
 12245 | Bailey   | Entered a bailey
 12699 | D:12     | Noticed Erolcha
 12707 | D:12     | Killed Erolcha
 12746 | D:12     | Found a staircase to the Orcish Mines.
 12761 | D:12     | Found a roughly hewn altar of Beogh.
 12800 | D:12     | Reached XP level 13. HP: 82/116 MP: 19/19
 12954 | D:12     | Received a gift from Okawaru
 12961 | D:12     | Received a gift from Okawaru
 13594 | Lair:1   | Entered Level 1 of the Lair of Beasts
 13760 | Lair:1   | Reached skill level 1 in Dodging
 13946 | Lair:1   | Found a frozen archway.
 13964 | IceCv    | Entered an ice cave
 14301 | IceCv    | Noticed an ice dragon
 14311 | IceCv    | Killed an ice dragon
 14311 | IceCv    | Reached skill level 10 in Invocations
 14321 | IceCv    | Noticed an ice dragon
 14335 | IceCv    | Killed an ice dragon
 15021 | Lair:2   | Noticed Nergalle
 15025 | Lair:2   | Found a gate leading to a gauntlet.
 15035 | Lair:2   | Killed Nergalle
 15060 | Gauntlet | Entered a Gauntlet
 15060 | Gauntlet | Found a transporter.
 15060 | Gauntlet | Noticed a great orb of eyes
 15063 | Gauntlet | Found a transporter.
 15079 | Gauntlet | Found a transporter.
 15083 | Gauntlet | Found a transporter.
 15089 | Gauntlet | Found a transporter.
 15110 | Gauntlet | Found a transporter.
 15116 | Gauntlet | Found a transporter.
 15116 | Gauntlet | Noticed a green death
 15117 | Gauntlet | Found a transporter.
 15118 | Gauntlet | Noticed a blizzard demon
 15145 | Gauntlet | Found a transporter.
 15158 | Gauntlet | Found a transporter.
 15161 | Gauntlet | Found a transporter.
 15174 | Gauntlet | Found a transporter.
 15274 | Gauntlet | Reached ****** piety under Okawaru
 15277 | Gauntlet | Received a gift from Okawaru
 15424 | Gauntlet | Got a transparent granite ring
 15432 | Gauntlet | Identified the cursed ring of Gaepn {rElec rF- Int+9 Dex-2
                  | Stlth+} (You found it in a Gauntlet)
 15444 | Gauntlet | Noticed a minotaur
 15454 | Gauntlet | Killed a minotaur
 15469 | Gauntlet | Got a dazzling ring mail
 15483 | Gauntlet | Identified the cursed +1 ring mail "Raunatar" {Str+4} (You
                  | found it in a Gauntlet)
 15702 | Lair:2   | Reached XP level 14. HP: 120/126 MP: 21/21
 15761 | Lair:2   | Found a hole to the Spider Nest.
 15862 | Lair:2   | Received a gift from Okawaru
 15865 | Lair:2   | Got a polished war axe {god gift}
 15869 | Lair:2   | Identified the +6 war axe of Kicsuney {chop, *Slow rPois
                  | Int+9 SInv} (Okawaru gifted it to you on level 2 of the
                  | Lair of Beasts)
 16813 | Lair:3   | Reached skill level 10 in Throwing
 17555 | Lair:4   | Found a staircase to the Swamp.
 18134 | Lair:5   | Received a gift from Okawaru
 18377 | Lair:5   | Reached skill level 5 in Dodging
 18383 | Lair:5   | Received a gift from Okawaru
 18583 | Lair:5   | Received a gift from Okawaru
 18930 | Lair:6   | Entered Level 6 of the Lair of Beasts
 19163 | Lair:6   | Reached skill level 10 in Evocations
 19354 | Lair:6   | Received a gift from Okawaru
 19567 | Lair:6   | Found a staircase to the Slime Pits.
 19587 | Lair:6   | Reached XP level 15. HP: 117/132 MP: 22/22
 19619 | Lair:6   | Received a gift from Okawaru
 19779 | Lair:6   | Noticed Josephine
 19787 | Lair:6   | Killed Josephine
 19801 | Lair:6   | Found a viscous altar of Jiyva.
 20905 | Lair:6   | Identified the +3 scale mail of the Bull {rN+ Dex+3 Slay+2}
                  | (Okawaru gifted it to you on level 6 of the Lair of Beasts)
 21318 | Orc:1    | Entered Level 1 of the Orcish Mines
 21591 | Orc:2    | Entered Level 2 of the Orcish Mines
 21617 | Orc:2    | Noticed Donald
 21626 | Orc:2    | Killed Donald
 21626 | Orc:2    | Received a gift from Okawaru
 22056 | Orc:2    | Found Futiz's Book Emporium.
 22056 | Orc:2    | Found Ohety's Jewellery Emporium.
 22056 | Orc:2    | Found Mapn's Food Shoppe.
 22131 | Orc:2    | Found Wumiob's Magic Scroll Shoppe.
 22150 | Orc:2    | Bought a cursed ring of teleportation for 67 gold pieces
 22299 | Orc:2    | Found a staircase to the Elven Halls.
 23014 | Orc:2    | Found a staircase to the Elven Halls.
 23055 | Orc:2    | Found Futiz's Book Emporium.
 23055 | Orc:2    | Found Ohety's Jewellery Emporium.
 23056 | Orc:2    | Found Mapn's Food Shoppe.
 23059 | Orc:2    | Found Wumiob's Magic Scroll Shoppe.
 23425 | Orc:2    | Bought 2 scrolls of identify for 40 gold pieces
 23425 | Orc:2    | Bought 3 scrolls of identify for 60 gold pieces
 23425 | Orc:2    | Bought a scroll of blinking for 75 gold pieces
 23425 | Orc:2    | Bought a scroll of teleportation for 30 gold pieces
 23425 | Orc:2    | Bought a scroll of brand weapon for 200 gold pieces
 23425 | Orc:2    | Bought a scroll of identify for 20 gold pieces
 23425 | Orc:2    | Bought a scroll of magic mapping for 35 gold pieces
 23425 | Orc:2    | Bought a scroll of blinking for 75 gold pieces
 23514 | D:13     | Received a gift from Okawaru
 23880 | D:13     | Reached XP level 16. HP: 136/139 MP: 25/25
 23954 | D:13     | Found a portal to a secret trove of treasure.
 24113 | D:14     | Found a gate to the Vaults.
 24113 | D:14     | Noticed Rupert
 24113 | D:14     | Noticed Urug
 24495 | D:14     | Killed Rupert
 24495 | D:14     | Reached skill level 10 in Dodging
 24948 | D:14     | Killed Urug
 25068 | D:14     | Received a gift from Okawaru
 25286 | D:14     | Found Woqeriet's Gadget Emporium.
 25418 | D:15     | Entered Level 15 of the Dungeon
 25581 | D:15     | Received a gift from Okawaru
 25986 | D:15     | Found a staircase to the Depths.
 26706 | Swamp:1  | Entered Level 1 of the Swamp
 26934 | Swamp:1  | Noticed Jorgrun
 26953 | Swamp:1  | Killed Jorgrun
 27306 | Swamp:1  | Reached XP level 17. HP: 150/150 MP: 26/26
 27555 | Swamp:2  | Identified Roxanne's Almanac of Transmutation
 27555 | Swamp:2  | Noticed Roxanne
 28190 | Swamp:2  | Received a gift from Okawaru
 28198 | Swamp:2  | Identified the +0 helmet of Salvation {rElec rC+ rN+}
                  | (Okawaru gifted it to you on level 2 of the Swamp)
 28735 | Swamp:2  | Found an iron altar of Okawaru.
 29625 | Swamp:3  | Reached skill level 15 in Fighting
 29856 | Swamp:4  | Entered Level 4 of the Swamp
 30404 | Swamp:4  | Identified the +8 ring mail of Prudence {Int+5} (You found
                  | it on level 4 of the Swamp)
 30949 | Spider:1 | Entered Level 1 of the Spider Nest
 31027 | Spider:1 | Received a gift from Okawaru
 31505 | Spider:1 | Received a gift from Okawaru
 31980 | D:13     | Got a distressingly furry ring mail {god gift}
 31985 | D:13     | Identified the +9 ring mail of Yly Mar {rF+ rC+ Int+5}
                  | (Okawaru gifted it to you on level 13 of the Dungeon)
 32344 | Spider:1 | Received a gift from Okawaru
 32613 | Spider:1 | Reached XP level 18. HP: 163/163 MP: 27/27
 32963 | Spider:2 | Received a gift from Okawaru
 33973 | Spider:2 | Received a gift from Okawaru
 34689 | Spider:3 | Received a gift from Okawaru
 34803 | Spider:3 | Noticed Louise
 34817 | Spider:3 | Killed Louise
 34832 | Spider:3 | Noticed Arachne
 34870 | Spider:3 | Killed Arachne
 35861 | Spider:4 | Entered Level 4 of the Spider Nest
 35873 | Spider:4 | Identified the cursed +0 cloak "Leho" {rN+ Str+5 Dex+2}
                  | (You found it on level 4 of the Spider Nest)
 36551 | Spider:4 | Received a gift from Okawaru
 36615 | Spider:4 | Reached XP level 19. HP: 174/174 MP: 29/29
 37056 | Spider:4 | Received a gift from Okawaru
 37075 | Spider:4 | Got a gossamer rune of Zot
 37302 | Spider:4 | Received a gift from Okawaru
 37737 | Elf:1    | Entered Level 1 of the Elven Halls
 37904 | Elf:1    | Received a gift from Okawaru
 38023 | Elf:1    | Received a gift from Okawaru
 38074 | Elf:1    | Received a gift from Okawaru
 38103 | Elf:1    | Identified the +5 crystal plate armour "Damnable
                  | Contraption" {Regen+ Str+4 Int-2} (Okawaru gifted it to you
                  | on level 1 of the Elven Halls)
 38325 | Elf:1    | Identified a scroll of acquirement
 38533 | Elf:1    | Identified the Catalogue of Unholy Secrets
 39172 | Elf:2    | Identified Ts'ui Pên's Handbook of Forking Paths
 39180 | Elf:2    | Identified the Papyrus of Dhcmrlchtdj
 39197 | Elf:2    | Identified the Incunabulum of Combed Thunderclap
 39362 | Elf:2    | Found a gateway to a bazaar.
 39510 | Elf:2    | Found a huge runed translucent gate.
 39510 | Elf:2    | Found a huge runed translucent gate.
 39510 | Elf:2    | Found a huge runed translucent gate.
 39521 | Elf:2    | Found a huge runed translucent gate.
 39522 | Elf:2    | Found a huge runed translucent gate.
 39570 | Elf:3    | Entered Level 3 of the Elven Halls
 39830 | Elf:3    | Found Luywnehu's Antique Weapon Boutique.
 39846 | Elf:3    | Bought a runed broad axe for 252 gold pieces
 39971 | Elf:3    | Reached XP level 20. HP: 184/184 MP: 30/30
 40570 | Elf:2    | Received a gift from Okawaru
 40877 | Elf:3    | Identified the +2 robe "Bekhiuj" {rElec}
 40878 | Elf:3    | Noticed a Tzitzimitl
 40937 | Elf:3    | Received a gift from Okawaru
 40942 | Elf:3    | Reached skill level 15 in Evocations
 41006 | Elf:3    | Received a gift from Okawaru
 41083 | Elf:3    | Reached skill level 15 in Throwing
 41169 | Elf:3    | Identified the ring "Gojeph" {MP+9 EV+1} (You found it on
                  | level 3 of the Elven Halls)
 41178 | Elf:3    | Identified the ring of Daoqeruu {+Inv rElec Str+3 Dex+2}
                  | (You found it on level 3 of the Elven Halls)
 41224 | Elf:3    | Identified Pytzits's Grimoire of the Old World
 41631 | Elf:3    | Found Luywnehu's Antique Weapon Boutique.
 42062 | Elf:2    | Identified the +4 rapier of Vucal {pierce, *Noise rElec
                  | Dex+7} (You found it on level 2 of the Elven Halls)
 42722 | Swamp:4  | Received a gift from Okawaru
 42725 | Swamp:4  | Identified the +1 chain mail "Xary" {Int+3 Dex+7} (Okawaru
                  | gifted it to you on level 4 of the Swamp)
 42761 | Swamp:4  | Noticed a bone dragon
 42788 | Swamp:4  | Killed a bone dragon
 42818 | Swamp:4  | Got a decaying rune of Zot
 43132 | Vaults:1 | Entered Level 1 of the Vaults
 43616 | Vaults:1 | Reached XP level 21. HP: 162/193 MP: 32/32
 43619 | Vaults:1 | Cast into level 2 of the Abyss (a deep elf sorcerer)
 43755 | Vaults:1 | Escaped the Abyss
 43957 | Vaults:1 | Received a gift from Okawaru
 44740 | Vaults:2 | Found a snail-covered altar of Cheibriados.
 44817 | Vaults:2 | Paralysed by a great orb of eyes for 3 turns
 44850 | Vaults:2 | Noticed Boris
 44879 | Vaults:2 | Killed Boris
 44991 | Vaults:2 | Reached skill level 15 in Armour
 45182 | Vaults:2 | Found a ruined gateway.
 45250 | Vaults:2 | Identified the +8 chain mail of Ehohom {MR+ rCorr Str+2
                  | Int-2}
 45367 | Vaults:2 | Received a gift from Okawaru
 46275 | Vaults:3 | Received a gift from Okawaru
 46490 | Vaults:3 | Received a gift from Okawaru
 47115 | Vaults:3 | Noticed Xtahua
 47126 | Vaults:3 | Reached XP level 22. HP: 201/201 MP: 32/34
 47133 | Vaults:3 | Killed Xtahua
 47606 | Vaults:3 | Noticed Sojobo
 47805 | Vaults:3 | Noticed Margery
 47819 | Vaults:3 | Killed Margery
 47819 | Vaults:3 | Received a gift from Okawaru
 48349 | Vaults:3 | Found a staircase to the Crypt.
 48352 | Vaults:3 | Learned a level 1 spell: Apportation
 48595 | Vaults:3 | Killed Sojobo
 48783 | Vaults:4 | Reached skill level 1 in Translocations
 48794 | Vaults:4 | Reached skill level 1 in Spellcasting
 48905 | Vaults:4 | Received a gift from Okawaru
 48998 | Vaults:4 | Got a transparent lead ring
 48999 | Vaults:4 | Identified the ring "Xuosigic" {rElec rPois rF+ rC- Dex+6}
                  | (You found it on level 4 of the Vaults)
 49018 | Vaults:4 | Paralysed by an orc sorcerer for 6 turns
 49327 | Vaults:4 | Reached XP level 23. HP: 205/208 MP: 36/36
 49373 | Vaults:4 | Found Uckyibeyt's Armour Emporium.
 49425 | Vaults:4 | Identified the +0 cloak of Generosity {-Cast rElec Slay+6
                  | Stlth-} (You acquired it on level 4 of the Vaults)
 50207 | Depths:1 | Entered Level 1 of the Depths
 50242 | Depths:1 | Received a gift from Okawaru
 50249 | Depths:1 | Found a gateway to a ziggurat.
 50690 | Depths:1 | Received a gift from Okawaru
 51033 | Depths:1 | Identified the Handbook of Captivating Clay
 51174 | Depths:1 | Found a gateway to Hell.
 51287 | Depths:1 | Found a corrupted altar of Lugonu.
 51288 | Depths:1 | Found a one-way gate to the infinite horrors of the Abyss.
 51695 | Depths:2 | Noticed Boris
 51758 | Depths:2 | Killed Boris
 51763 | Depths:2 | Received a gift from Okawaru
 51766 | Depths:2 | Reached skill level 15 in Axes
 51776 | Depths:2 | Reached skill level 15 in Shields
 51808 | Depths:2 | Found Biorajuo's Weapon Shop.
 51950 | Depths:2 | Found Hyah's Magic Scroll Emporium.
 51961 | Depths:2 | Bought a scroll of enchant weapon for 142 gold pieces
 51961 | Depths:2 | Bought a scroll of blinking for 142 gold pieces
 51961 | Depths:2 | Bought a scroll of enchant weapon for 142 gold pieces
 51961 | Depths:2 | Bought a scroll of teleportation for 57 gold pieces
 51961 | Depths:2 | Bought a scroll of enchant weapon for 142 gold pieces
 51961 | Depths:2 | Bought a scroll of teleportation for 57 gold pieces
 51961 | Depths:2 | Bought a scroll of teleportation for 57 gold pieces
 51961 | Depths:2 | Bought a scroll of blinking for 142 gold pieces
 52037 | Depths:2 | Received a gift from Okawaru
 52043 | Depths:2 | Identified the +2 cloak of the Jabberwock {MR+ Dex+4}
                  | (Okawaru gifted it to you on level 2 of the Depths)
 52099 | Depths:2 | Found Xeoklikh's General Store.
 52138 | Depths:2 | Found Wanlis's Jewellery Shoppe.
 52487 | Depths:2 | Reached XP level 24. HP: 215/215 MP: 36/36
 52702 | Depths:2 | Found Qojoy's Food Shoppe.
 52806 | Depths:2 | Reached skill level 5 in Translocations
 53352 | Depths:3 | Reached skill level 5 in Spellcasting
 53495 | Depths:3 | Noticed a juggernaut
 53505 | Depths:3 | Killed a juggernaut
 53674 | Depths:3 | Received a gift from Okawaru
 53844 | Depths:3 | Found a one-way gate leading to the halls of Pandemonium.
 54177 | Depths:4 | Received a gift from Okawaru
 54669 | Depths:4 | Reached skill level 15 in Dodging
 54690 | Depths:4 | Received a gift from Okawaru
 54871 | Depths:4 | Received a gift from Okawaru
 55356 | Depths:4 | Reached XP level 25. HP: 221/223 MP: 36/36
 55446 | Depths:4 | Identified the ring "Qegiyse" {rElec rF+ rC+ Str+2}
 55934 | Depths:4 | Received a gift from Okawaru
 56173 | Depths:4 | Noticed a greater mummy
 56185 | Depths:4 | Killed a greater mummy
 56185 | Depths:4 | Received a gift from Okawaru
 56209 | Depths:4 | Identified the +3 mace "Vute" {holy, rC+ Str+4} (You found
                  | it on level 4 of the Depths)
 56380 | Depths:5 | Entered Level 5 of the Depths
 56413 | Depths:5 | Identified the +5 whip of the Eggplant {protect, Int+3}
                  | (You found it on level 5 of the Depths)
 56583 | Depths:5 | Received a gift from Okawaru
 56656 | Depths:5 | Found a gate to the Realm of Zot.
 57271 | Vaults:5 | Entered Level 5 of the Vaults
 57609 | Vaults:5 | Noticed Mara
 57633 | Vaults:5 | Killed Mara
 57633 | Vaults:5 | Received a gift from Okawaru
 57757 | Vaults:5 | Received a gift from Okawaru
 57828 | Vaults:5 | Received a gift from Okawaru
 57938 | Vaults:5 | Reached XP level 26. HP: 232/232 MP: 36/36
 57945 | Vaults:5 | Identified the +1 scale mail of the Armadillo {Dex+4} (You
                  | found it on level 5 of the Vaults)
 58021 | Vaults:5 | Received a gift from Okawaru
 58061 | Vaults:5 | Identified the +10 rapier "Goppenad" {vamp, rC+}
 58218 | Vaults:5 | Reached skill level 10 in Translocations
 58222 | Vaults:5 | Identified the +9 shortbow of Kaukag {velocity, +Inv}
 58238 | Vaults:5 | Identified the +5 ring mail of the Devil's Advocate {+Inv
                  | rPois MP+9 Int-4}
 58248 | Vaults:5 | Received a gift from Okawaru
 58300 | Vaults:5 | Received a gift from Okawaru
 58705 | Vaults:5 | Received a gift from Okawaru
 58791 | Vaults:5 | Identified the cursed +1 lajatang "Lunk" {slice, rF+ Int+4
                  | Stlth+}
 58795 | Vaults:5 | Received a gift from Okawaru
 58809 | Vaults:5 | Identified the +2 plate armour of the Curious Wars {rPois
                  | MR+} (Okawaru gifted it to you on level 5 of the Vaults)
 58816 | Vaults:5 | Identified the amulet of Untruth {Reflect Int+2 SH+4
                  | Stlth+}
 58855 | Vaults:5 | Reached skill level 10 in Spellcasting
 59380 | Vaults:5 | Got a silver rune of Zot
 60680 | Slime:1  | Entered Level 1 of the Pits of Slime
 60831 | Slime:5  | Entered Level 5 of the Pits of Slime
 60962 | Slime:5  | Noticed the Royal Jelly
 60963 | Slime:5  | Found a viscous altar of Jiyva.
 60979 | Slime:5  | Killed the Royal Jelly
 61173 | Slime:5  | Identified the +6 demon trident "Worm" {pierce, rElec} (You
                  | found it on level 5 of the Pits of Slime)
 61204 | Slime:5  | Got a slimy rune of Zot
 61222 | Slime:5  | Identified the Reference Book on Helpful Dark Rites
 61233 | Slime:5  | Got a pitted copper ring
 61234 | Slime:5  | Identified the ring "Lojofujo" {*Tele *Contam rElec rC+}
                  | (You found it on level 5 of the Pits of Slime)
 61274 | Slime:5  | Identified the cursed +1 falchion of Capital Punishment
                  | {flame, rN+ SInv} (You found it on level 5 of the Pits of
                  | Slime)
 61589 | D:13     | You paid a toll of 15 scrolls of teleportation to enter a
                  | treasure trove
 61590 | Trove    | Entered a treasure trove
 61599 | Trove    | Identified the +7 plate armour "Horeaggi" {rCorr} (You
                  | found it in a treasure trove)
 61602 | Trove    | Identified the +1 helmet "Tahoem" {rElec} (You found it in
                  | a treasure trove)
 61679 | Trove    | Identified the +1 plate armour of Raut {rN+ Slay+3} (You
                  | found it in a treasure trove)
 61681 | Trove    | Identified the +10 plate armour of the Invisible Hand {rC+
                  | Regen+ Str+3} (You found it in a treasure trove)
 61865 | D:8      | Fell from the grace of Okawaru
 61865 | D:8      | Became a worshipper of the Shining One
 62051 | Crypt:1  | Entered Level 1 of the Crypt
 62093 | Crypt:1  | Reached * piety under the Shining One
 62389 | Crypt:1  | Reached XP level 27. HP: 244/244 MP: 37/37
 62406 | Crypt:1  | Reached ** piety under the Shining One
 62516 | Crypt:1  | Reached *** piety under the Shining One
 62637 | Crypt:1  | Reached **** piety under the Shining One
 62721 | Crypt:1  | Reached ***** piety under the Shining One
 63499 | Crypt:2  | Noticed an ancient lich
 63509 | Crypt:2  | Killed an ancient lich
 63783 | Crypt:1  | Was forgiven by Okawaru
 63973 | Crypt:2  | Identified the +5 plate armour of Ashenzari's Delight {rF++
                  | rC-} (You acquired it on level 2 of the Crypt)
 64076 | Crypt:2  | Noticed Bai Suzhen
 64088 | Crypt:2  | Killed Bai Suzhen
 64154 | Crypt:2  | Reached ****** piety under the Shining One
 64284 | Vaults:3 | Identified a +4 broad axe of holy wrath (a +2 broad axe
                  | blessed by the Shining One)
 64284 | Vaults:3 | Received a gift from the Shining One
 64650 | Crypt:2  | Reached skill level 15 in Invocations
 64876 | Crypt:3  | Entered Level 3 of the Crypt
 64935 | Crypt:3  | Found a shimmering blue altar of Sif Muna.
 65121 | Crypt:3  | Found a staircase to the Tomb.
 65376 | Crypt:3  | Found an ancient bone altar of Kikubaaqudgha.
 65376 | Crypt:3  | Found a basalt altar of Yredelemnul.
 65465 | Crypt:3  | Learned a level 2 spell: Blink
 66064 | Crypt:3  | Found a staircase to the Tomb.
 66103 | Crypt:3  | Found a shimmering blue altar of Sif Muna.
 66698 | D:8      | Bought a wand of enslavement (7) for 117 gold pieces
 66698 | D:8      | Bought a wand of acid (6) for 260 gold pieces
 66698 | D:8      | Bought a wand of enslavement (8) for 130 gold pieces
 66832 | D:12     | Bought a potion of haste for 140 gold pieces
 66832 | D:12     | Bought a potion of haste for 140 gold pieces
 66832 | D:12     | Bought a potion of curing for 42 gold pieces
 66832 | D:12     | Bought a potion of haste for 140 gold pieces
 66876 | D:14     | Bought a wand of iceblast (10) for 196 gold pieces
 66876 | D:14     | Bought a wand of acid (10) for 392 gold pieces
 66876 | D:14     | Bought a wand of iceblast (6) for 140 gold pieces
 66876 | D:14     | Bought a wand of digging (4) for 224 gold pieces
 67292 | Hell     | Entered the Vestibule of Hell
 67292 | Hell     | Noticed Geryon
 67295 | Hell     | Noticed Murray
 67300 | Hell     | Found a gateway to the Iron City of Dis.
 67324 | Hell     | Killed Murray
 67384 | Hell     | Killed Geryon
 67517 | Hell     | Found a gateway to the ashen valley of Gehenna.
 67594 | Hell     | Found a gateway to the decaying netherworld of Tartarus.
 67693 | Hell     | Found a gateway to the freezing wastes of Cocytus.
 68188 | Elf:3    | Learned a level 3 spell: Portal Projectile
 68458 | Pan      | Entered Pandemonium
 68585 | Pan      | Reached skill level 1 in Hexes
 68864 | Pan      | Noticed Hireamic the pandemonium lord
 68875 | Pan      | Killed Hireamic the pandemonium lord
 69250 | Pan      | Noticed Mennas
 69261 | Pan      | Reached skill level 5 in Hexes
 69285 | Pan      | Killed Mennas
 69324 | Pan      | Found a runed translucent door.
 69352 | Pan      | Found a runed translucent door.
 69355 | Pan      | Found a runed translucent door.
 69357 | Pan      | Noticed Lor Raot the pandemonium lord
 69369 | Pan      | Killed Lor Raot the pandemonium lord
 69378 | Pan      | Found a runed translucent door.
 70247 | Pan      | Found an exit through the horrors of the Abyss.
 70410 | Pan      | Noticed Lom Hufod the pandemonium lord
 70951 | Pan      | Found a white marble altar of Elyvilon.
 72125 | Pan      | Found a glowing silver altar of Zin.
 72703 | Pan      | Reached skill level 10 in Hexes
 73253 | Pan      | Noticed a seraph
 73287 | Pan      | Mangled by a seraph

Levels and vault maps discovered:
D:1:      dpeg_arrival_pond, layout_loops_corners
D:2:      layout_basic, uniq_terence, uniq_robin
D:3:      layout_loops_corners, first_ration, ebering_ghost_disaster_area,
          uniq_sigmund
D:4:      layout_basic, uniq_crazy_yiuf_cottage
D:5:      layout_basic, nicolae_qazlal_general_emergency,
          nicolae_ossuary_entry_plus, hangedman_decor_opposing,
          amethyst_killhole, hangedman_decor_push, minivault_24,
          uniq_blork_the_orc
D:6:      minmay_evil_eye, layout_rooms, lemuel_coloured_pillars_altar
D:7:      layout_rooms, minmay_temple_entry_glass, uniq_pikel, uniq_joseph
D:8:      minmay_curly_fans, layout_basic, bloody_trog,
          nicolae_overflow_hidden_temple, serial_shops,
          nicolae_shop_behind_doors, hangedman_little_slice_of_home,
          roderic_lattice_a, uniq_erica
D:9:      cheibrodos_helix_gallery, layout_basic, lemuel_round_altar,
          lemuel_crystal_altar, minmay_st_funbox, kennysheep_cross_room
D:10:     minmay_the_grid_four_pointed_star_mashed
          [minmay_the_grid_triangle_9x9_pentomino_pain,
          minmay_the_grid_triangle_9x9_subtriangle,
          minmay_the_grid_triangle_9x9_checkered,
          minmay_the_grid_triangle_9x9_limited_checkers,
          minmay_the_grid_prize_diamond_cup], layout_stronghold,
          lair_entry_dummy
D:11:     layout_basic, st_stairs_5, minmay_puff, uniq_harold, uniq_maurice,
          uniq_sonja
D:12:     minmay_spotlight, layout_basic, minmay_orc_entry_temple_small,
          serial_shops, nicolae_shop_crystal, enter_bailey_3, uniq_erolcha
D:13:     layout_rooms, serial_glass, glass_columns_a, glass_columns_a,
          glass_columns_a, glass_columns_a, unseen_surprise_small,
          minmay_strange_pillars, enter_trove_5, moated_statue
D:14:     cheibrodos_fzero, layout_loops_ring, david_vaults_3, serial_shops,
          shop
D:15:     gammafunk_depths_entry_grave, layout_loops_cross,
          grunt_decor_one_mirror
Temple:   eino_wide_crystal_templ
Lair:1:   dpeg_oklob_gauntlet, layout_gridlike, portal_ice_cave_entry_imps,
          guppyfry_lair_drakes
Lair:2:   layout_small_grid, spider_nest_entry_webs, gauntlet_entry_generic,
          uniq_nergalle
Lair:3:   layout_small_grid
Lair:4:   layout_roguey, swamp_mist, grunt_megastairs_3
Lair:5:   layout_roguey, beast_lair_carwin_2
Lair:6:   guppyfry_lair_end_dragon, layout_gridlike,
          hangedman_lair_tendril_chambers, slime_altar_1, serial_bayou,
          serial_bayou_shore_b, serial_bayou_pond_d, serial_bayou_pond_e,
          serial_bayou_pond_e, chequers_serial_rivers_room_b,
          kennysheep_rathole, uniq_josephine
Swamp:1:  layout_falls_marsh, evilmike_swamp_ruin_house_6,
          infiniplex_staircase_pool, uniq_jorgrun
Swamp:2:  layout_basic_swamp, basic_altar, uniq_roxanne
Swamp:3:  layout_basic_swamp, evilmike_swamp_ruin_house_1
Swamp:4:  swamp_pestilence, layout_basic_swamp
Spider:1: layout_chambers
Spider:2: layout_spider_delve, minivault_29
Spider:3: nicolae_spider_corner, drop_trap, uniq_louise, uniq_arachne
Spider:4: guppyfry_spider_rune
Slime:1:  layout_caves, nicolae_slime_barrier
Slime:2:  layout_caves
Slime:3:  layout_caves
Slime:4:  layout_caves
Slime:5
Orc:1:    layout_diamond_mine, nicolae_orc_rich_vein
Orc:2:    st_orc_mages, layout_diamond_mine, uniq_donald
Elf:1:    eino_elf_arrival_shootout, layout_rooms, minmay_elf_necromancy
Elf:2:    layout_geoelf_diagonals, serial_shops, statue_bzr,
          bh_hangedman_babel_library
Elf:3:    minmay_elf_hall_quartered_circle, layout_geoelf_castle, serial_shops,
          shop
Vaults:1: nicolae_vaults_network_periphery, v_misc_29, nicolae_vaults_alarming,
          v_pattern_1, ontoclasm_vaults_loading_screen, grunt_vaults_swirl,
          ontoclasm_vaults_ring_small, ontoclasm_vaults_ring_square,
          grunt_vaults_funnel, vaults_dpeg_doors,
          nicolae_vaults_little_squares_4, nicolae_vaults_little_squares_4,
          layout_vaults_omnibox
Vaults:2: ontoclasm_vaults_idyll, v_misc_26, v_rooms_3,
          nicolae_vaults_fighting_squares, v_misc_1, vaults_room_fours,
          v_misc_17, nicolae_vaults_sealed_display, vaults_room_door_ring,
          nicolae_vaults_yaktaur_gun_rack, v_misc_8,
          ontoclasm_vaults_misaligned, nicolae_vaults_circle_grid_b,
          nicolae_vaults_little_squares_2, vaults_room_door_ring,
          hangedman_vaults_corner_blocks, layout_vaults_omnicross, basic_altar,
          portal_desolation_entry_ruin, uniq_boris
Vaults:3: hangedman_vaults_cutoff, vaults_mumra_chevron_long,
          minmay_crypt_entry_simple_statues, vaults_room_guarded_vault,
          vaults_standard_mumra_enter_the_diamond,
          vaults_room_grunt_arrival_ludios, v_misc_5, v_alt_pattern_6,
          vaults_room_stairs_pillars, layout_vaults_big_room, uniq_xtahua,
          uniq_sojobo, uniq_margery
Vaults:4: ontoclasm_vaults_tryst, ontoclasm_vaults_bender, ontoclasm_vaults_eye,
          v_misc_23, hangedman_vaults_variations, grunt_vaults_focal,
          hangedman_vaults_stream, ontoclasm_vaults_ring_large,
          vaults_mumra_hex, nicolae_vaults_border_crossing,
          hangedman_vaults_restitches, layout_vaults_ring, serial_shops,
          nicolae_shop_competitors_out_of_business
Vaults:5: serial_shops, uniq_mara
Crypt:1:  layout_misc_corridors, serial_glass, glass_columns_c, glass_columns_c
Crypt:2:  layout_gridlike, uniq_bai_suzhen
Crypt:3:  lightli_unholy_cathedral, layout_chaotic_city,
          nicolae_tomb_entry_rubble_hallway, minivault_24,
          hangedman_summoners_spam
Depths:1: layout_gridlike, enter_ziggurat_c, minmay_misc_feat_x,
          mu_enter_wizlab_4, pf_vacation_house_of_asmodeus,
          abyss_entry_flame_altar, eino_small_chamber_without_monster,
          chequers_serial_rivers_micro_e, minmay_hollow_rounded_squares
Depths:2: minmay_box_of_statues, layout_long_grid, roderic_nine_men_s_morris,
          serial_shops, shop_fountains, nicolae_shop_trees, shop, shop, shop,
          grunt_hell_entry_dis_grunt, abyss_entry_crystal,
          kennysheep_generic_room_7
Depths:3: kennysheep_blocky_room, layout_cave_shapes, pan_entry,
          minmay_large_rounded_square, serial_column_ruins,
          column_ruins_portal_squares, column_ruins_hut_pillars,
          column_ruins_circle_medium, column_ruins_columns_corner,
          column_ruins_columns_straight, column_ruins_columns_dead_end,
          column_ruins_grid_4, column_ruins_columns_corner, hell_entry
Depths:4: lemuel_minitomb, layout_long_grid, lightli_too_deep,
          hangedman_abyss_entry_splay, hangedman_abyss_or_decor_passed,
          minmay_serpent_palace, serial_bayou_shore_b,
          infiniplex_staircase_trident
Depths:5: evilmike_zot_entry_basic, layout_cave_shapes, hell_entry,
          serial_bayou_shore_b
Hell
Pan:      rand_demon_5, layout_stronghold, rand_demon_8, layout_onion_city,
          evilmike_mini_pan_doors_b, layout_grid_shapes,
          nicolae_pan_sigil_nadil, rand_demon_7, layout_grid_shapes,
          uniq_mennas_pan, rand_demon_4, layout_irregular_city,
          nicolae_pan_sick_transit, nicolae_pan_sigil_uleosi, evilmike_holy_pan

Skill      XL: |  1  2  3  4  5  6  7  8  9 10 11 12 13 14 15 16 17 18 19 20 21 22 23 24 25 26 27 |
---------------+----------------------------------------------------------------------------------+-----
Axes           | 3 4 5 6 7 9 10 12 14 15 16 18 | 18.0
Fighting       | 4 5 6 8 9 10 11 12 13 15 16 17 18 19 20 | 20.0
Throwing       | 1 2 3 5 6 7 8 9 10 12 13 14 15 16 | 16.0
Shields        | 4 5 6 7 8 9 10 11 13 14 15 18 | 18.9
Armour         | 4 5 6 7 9 10 12 13 14 15 16 17 18 | 18.0
Invocations    | 3 6 9 10 11 20 | 20.4
Evocations     | 2 4 6 8 10 12 13 14 15 16 18 | 18.4
Dodging        | 3 6 8 10 11 12 13 14 15 16 | 16.0
Translocations | 1 4 7 9 11 13 | 13.0
Spellcasting   | 1 4 6 8 10 | 10.0
Hexes          | 11 | 11.1

Action                   |  1- 3 |  4- 6 |  7- 9 | 10-12 | 13-15 | 16-18 | 19-21 | 22-24 | 25-27 || total
-------------------------+-------+-------+-------+-------+-------+-------+-------+-------+-------++-------
Melee: War axe           |   116 |   160 |   315 |   620 |  1171 |  1080 |   103 |       |       ||  3565
       Broad axe         |       |       |       |       |       |   701 |  1205 |  1244 |  2704 ||  5854
Throw: Dart              |       |       |     7 |     1 |       |       |       |       |       ||     8
       Javelin           |       |       |       |     7 |    48 |   113 |   181 |   234 |   404 ||   987
       Boomerang         |       |       |       |     5 |       |       |       |       |       ||     5
 Cast: Apportation       |       |       |       |       |       |       |       |       |     9 ||     9
Invok: Heroism           |       |       |       |     5 |    12 |    16 |    25 |    24 |    17 ||    99
       Finesse           |       |       |       |       |       |     1 |     2 |       |     6 ||     9
       Cleansing Flame   |       |       |       |       |       |       |       |       |    20 ||    20
       Summon Divine War |       |       |       |       |       |       |       |       |     7 ||     7
       Brand Weapon With |       |       |       |       |       |       |       |       |     1 ||     1
 Abil: Stop Flying       |       |       |       |       |       |       |       |       |     1 ||     1
       Evoke Flight      |       |       |       |       |       |       |       |       |     1 ||     1
Evoke: Wand              |       |       |       |    27 |    24 |    10 |     8 |     1 |    24 ||    94
       Lamp of fire      |       |       |       |     1 |       |     1 |       |     1 |       ||     3
       Sack of spiders   |       |       |       |       |       |     1 |       |     1 |       ||     2
       Phial of floods   |       |       |       |       |       |     1 |       |       |       ||     1
       Box of beasts     |       |       |       |       |       |       |       |     1 |       ||     1
  Use: Potion            |       |     2 |     1 |     3 |     2 |       |     4 |       |     3 ||    15
       Scroll            |       |       |    17 |    10 |    12 |    15 |    23 |    10 |    30 ||   117
 Stab: Confused          |       |       |       |     4 |     1 |       |     1 |       |       ||     6
       Paralysed         |       |       |       |     2 |       |     5 |     2 |       |       ||     9
       Invisible         |       |       |       |       |     2 |       |       |       |       ||     2
       Held in net/web   |       |       |       |       |       |     1 |       |       |       ||     1
       Distracted        |       |       |       |       |       |       |       |     1 |       ||     1
  Eat: Chunk             |     1 |     6 |     8 |    15 |    23 |    13 |    13 |    23 |    12 ||   114
       Ration            |       |       |     1 |     2 |     4 |     9 |     7 |     1 |    15 ||    39
Armor: Scale mail        |    53 |    23 |       |       |       |       |       |       |       ||    76
       Chain mail        |       |    25 |   147 |   282 |   448 |   386 |       |       |       ||  1288
       Ring mail         |       |       |       |       |       |   311 |   206 |       |       ||   517
       Gold dragon scale |       |       |       |       |       |       |   202 |   542 |   882 ||  1626
Dodge: Dodged            |    34 |    41 |    50 |   121 |   406 |   875 |   478 |   497 |   667 ||  3169
Block: Shield            |    51 |    78 |   147 |   341 |   957 |  1603 |   945 |  1162 |   459 ||  5743
       Reflection        |       |       |       |       |     9 |    12 |   102 |    70 |   121 ||   314
       Large shield      |       |       |       |       |       |       |       |       |  2128 ||  2128

Action                   |  1- 3 |  4- 6 |  7- 9 | 10-12 | 13-15 | 16-18 | 19-21 | 22-24 | 25-27 || total
-------------------------+-------+-------+-------+-------+-------+-------+-------+-------+-------++-------
Melee: War axe           |   116 |   160 |   315 |   620 |  1171 |  1080 |   103 |       |       ||  3565
       Broad axe         |       |       |       |       |       |   701 |  1205 |  1244 |  2704 ||  5854
Throw: Dart              |       |       |     7 |     1 |       |       |       |       |       ||     8
       Javelin           |       |       |       |     7 |    48 |   113 |   181 |   234 |   404 ||   987
       Boomerang         |       |       |       |     5 |       |       |       |       |       ||     5
 Cast: Apportation       |       |       |       |       |       |       |       |       |     9 ||     9
Invok: Heroism           |       |       |       |     5 |    12 |    16 |    25 |    24 |    17 ||    99
       Finesse           |       |       |       |       |       |     1 |     2 |       |     6 ||     9
       Cleansing Flame   |       |       |       |       |       |       |       |       |    20 ||    20
       Summon Divine War |       |       |       |       |       |       |       |       |     7 ||     7
       Brand Weapon With |       |       |       |       |       |       |       |       |     1 ||     1
 Abil: Stop Flying       |       |       |       |       |       |       |       |       |     1 ||     1
       Evoke Flight      |       |       |       |       |       |       |       |       |     1 ||     1
Evoke: Wand              |       |       |       |    27 |    24 |    10 |     8 |     1 |    24 ||    94
       Lamp of fire      |       |       |       |     1 |       |     1 |       |     1 |       ||     3
       Sack of spiders   |       |       |       |       |       |     1 |       |     1 |       ||     2
       Phial of floods   |       |       |       |       |       |     1 |       |       |       ||     1
       Box of beasts     |       |       |       |       |       |       |       |     1 |       ||     1
  Use: Potion            |       |     2 |     1 |     3 |     2 |       |     4 |       |     3 ||    15
       Scroll            |       |       |    17 |    10 |    12 |    15 |    23 |    10 |    30 ||   117
 Stab: Confused          |       |       |       |     4 |     1 |       |     1 |       |       ||     6
       Paralysed         |       |       |       |     2 |       |     5 |     2 |       |       ||     9
       Invisible         |       |       |       |       |     2 |       |       |       |       ||     2
       Held in net/web   |       |       |       |       |       |     1 |       |       |       ||     1
       Distracted        |       |       |       |       |       |       |       |     1 |       ||     1
  Eat: Chunk             |     1 |     6 |     8 |    15 |    23 |    13 |    13 |    23 |    12 ||   114
       Ration            |       |       |     1 |     2 |     4 |     9 |     7 |     1 |    15 ||    39
Armor: Scale mail        |    53 |    23 |       |       |       |       |       |       |       ||    76
       Chain mail        |       |    25 |   147 |   282 |   448 |   386 |       |       |       ||  1288
       Ring mail         |       |       |       |       |       |   311 |   206 |       |       ||   517
       Gold dragon scale |       |       |       |       |       |       |   202 |   542 |   882 ||  1626
Dodge: Dodged            |    34 |    41 |    50 |   121 |   406 |   875 |   478 |   497 |   667 ||  3169
Block: Shield            |    51 |    78 |   147 |   341 |   957 |  1603 |   945 |  1162 |   459 ||  5743
       Reflection        |       |       |       |       |     9 |    12 |   102 |    70 |   121 ||   314
       Large shield      |       |       |       |       |       |       |       |       |  2128 ||  2128
